 Dungeon Crawl Stone Soup version 0.31-a0-193-gdfe2569204 (webtiles) character file.

Game seed: 17189989834656786451

56 qw the Shooter (level 3, -2/11 (20) HPs)
             Began as a Deep Elf Hunter on June 23, 2023.
             Slain by Terence
             ... wielding a +0 short sword of draining
              (4 damage)
             ... on level 2 of the Dungeon.
             The game lasted 00:00:15 (834 turns).

qw the Shooter (Deep Elf Hunter)                     Turns: 834, Time: 00:00:16

HP:   -2/11 (20)    AC:  5    Str: 10    XL:     3   Next: 71%
MP:   5/5           EV: 11    Int: 13    God:
Gold: 28            SH:  0    Dex: 18    Spells: 2/2 levels left

rFire   . . .        Y - +1 shortbow
rCold   . . .        (shield currently unavailable)
rNeg    . . .        f - +0 ring mail
rPois   .            (no helmet)
rElec   .            (no cloak)
rCorr   .            (no gloves)
SInv    .            (no boots)
Will    .....        (no amulet)
Stlth   +            (no ring)
HPRegen 0.21/turn    (no ring)
MPRegen 0.09/turn

%: no passive effects
@: very heavily drained
A: no striking features
a: no special abilities


You were on level 2 of the Dungeon.
You visited 1 branch of the dungeon, and saw 2 of its levels.

You collected 28 gold pieces.


   Skills:
 - Level 1.5 Fighting
 + Level 7.2 Ranged Weapons
 - Level 2.4 Dodging
 - Level 1.2 Stealth


You had 2 spell levels left.
You didn't know any spells.
Your spell library was empty.

Inventory:

Hand Weapons
 Y - a +1 shortbow (weapon)
Armour
 f - a +0 ring mail (worn)
Scrolls
 e - a scroll of identify
Potions
 g - a potion of ambrosia {unknown}

Dungeon Overview and Level Annotations

Branches:
Dungeon (2/15)

Altars:

Annotations:
D:2 Terence


Message History

Terence shouts!
You hear a shout!
Enter note: You shoot an arrow.
The arrow barely misses Terence.
A hobgoblin comes into view.
Terence says, "Don't bother to defend, it's useless."
You shoot an arrow. The arrow hits Terence.
Terence is lightly wounded.
You shoot an arrow. The arrow closely misses Terence.
The arrow hits the hobgoblin!
You kill the hobgoblin!
You shoot an arrow. The arrow hits Terence.
Terence is moderately wounded.
You shoot an arrow. The arrow barely misses Terence.
Terence hits you with a +0 short sword of draining.
You feel drained.
You shoot an arrow. The arrow hits Terence.
Terence is moderately wounded.
Terence hits you with a +0 short sword of draining.
You feel drained.
Terence hits you with a +0 short sword of draining.
You feel drained.
You shoot an arrow. The arrow hits Terence.
Terence is heavily wounded.
Terence hits you with a +0 short sword of draining.
You feel drained.
You shoot an arrow. The arrow closely misses Terence.
Terence hits you with a +0 short sword of draining.
You feel drained.
You shoot an arrow.
The arrow hits Terence but does no damage.
Terence is heavily wounded.
Terence hits you with a +0 short sword of draining.
You feel drained.
You shoot an arrow. The arrow hits Terence.
Terence is severely wounded.
Terence closely misses you.
You shoot an arrow. The arrow barely misses Terence.
Terence hits you but does no damage.
You feel drained.
Terence hits you with a +0 short sword of draining.
You die...

#.... #. ... #..
# .%..#. .# .....
..#
#######.#.#...#
..............#
#.....@......#
#@#.#...#
#.#.#...#
#.#.#...#
#######.#.#...
........#.##.# ##
#######.#.##.# ..
..........)).#
#######.#.##.####
.# .##
#.#.).....#


You could see Terence.

Vanquished Creatures
  4 gnolls (D:2)
  A worm (D:2)
  An endoplasm (D:1)
  A giant cockroach (D:2)
  2 goblins (D:1)
  3 hobgoblins
  4 kobolds (D:1)
16 creatures vanquished.

Notes
Turn   | Place    | Note
-------+----------+-------------------------------------------
     0 | D:1      | qw the Deep Elf Hunter began the quest for the Orb.
     0 | D:1      | Reached XP level 1. HP: 12/12 MP: 3/3
     0 | D:1      | 0 ||| qw: Version: 0.3-a-9-g12657ce
     0 | D:1      | 0 ||| qw: Game counter: 4613
     0 | D:1      | 0 ||| qw: Always use a shield: true
     0 | D:1      | 0 ||| qw: God list: Okawaru
     0 | D:1      | 0 ||| qw: Allow faded altars: false
     0 | D:1      | 0 ||| qw: Do Orc after D:15 true
     0 | D:1      | 0 ||| qw: Do second Lair branch before Depths: true
     0 | D:1      | 0 ||| qw: Lair rune preference: random
     0 | D:1      | 0 ||| qw: Plans: Normal
     0 | D:1      | 0 ||| PLANNING D:1-11
   390 | D:1      | Reached skill level 6 in Ranged Weapons
   390 | D:1      | Reached XP level 2. HP: 16/16 MP: 4/4
   651 | D:1      | 651 ||| UPGRADING to +0 ring mail.
   661 | D:1      | 661 ||| DROPPING +0 leather armour.
   662 | D:1      | 662 ||| READING scroll labelled GAGUABUBAI.
   663 | D:1      | 663 ||| READING 2 scrolls labelled TOPNIO OHAO.
   664 | D:1      | 664 ||| READING scroll labelled ORIWOCV WEMOR.
   665 | D:1      | 665 ||| READING scroll labelled HUOD MAKKOBB.
   666 | D:1      | 666 ||| READING scroll labelled LUGUNT SIQEGA.
   667 | D:1      | 667 ||| DROPPING scroll of butterflies.
   781 | D:2      | Reached XP level 3. HP: 15/20 MP: 5/5
   784 | D:2      | Reached skill level 7 in Ranged Weapons
   823 | D:2      | Noticed Terence
   832 | D:2      | HP: 2/13 [Terence/+0 short sword of draining (2)]
   834 | D:2      | Slain by Terence

Levels and vault maps discovered:
D:1:      dpeg_arrival_orchard, layout_basic
D:2:      layout_basic, chequers_serial_rivers_micro_d, uniq_sigmund,
          uniq_terence, uniq_natasha

Skill      XL: |  1  2  3 |
---------------+----------+-----
Ranged Weapons | 6 7 |  7.2
Fighting       | |  1.5
Dodging        | |  2.4
Stealth        | |  1.2

Action                     || total
---------------------------++-------
   Fire: Shortbow          ||    54
    Use: Scroll            ||     5
 Armour: Ring mail         ||     1
  Dodge: Dodged            ||    10

Table legend:
 A = Non-vault XP
 B = Vault XP
 C = Vault XP percentage of total XP
 D = Non-vault monster count
 E = Vault monster count
 F = Vault count percentage of total count
                 A         B        C        D         E       F
            +---------+---------+-------+---------+---------+-------
      Total |      81 |       0 |   0.0 |      16 |       0 |   0.0
            +---------+---------+-------+---------+---------+-------
        D:1 |      15 |       0 |   0.0 |       9 |       0 |   0.0
        D:2 |      66 |       0 |   0.0 |       7 |       0 |   0.0
            +---------+---------+-------+---------+---------+-------
